 Dungeon Crawl Stone Soup version 0.29.1-15-g9cfb28693d (webtiles) character file.

Game seed: 17274262702271395796

2160 cowcol the Cleaver (level 9, 0/79 HPs)
             Began as a Minotaur Fighter on Feb 24, 2023.
             Was a Follower of Okawaru.
             Killed from afar by a steam dragon (16 damage)
             ... with a ball of steam
             ... on level 7 of the Dungeon.
             The game lasted 00:20:13 (9483 turns).

cowcol the Cleaver (Minotaur Fighter)               Turns: 9483, Time: 00:20:13

Health: 0/79       AC: 18    Str: 22    XL:     9   Next: 10%
Magic:  8/8        EV:  7    Int:  5    God:    Okawaru [*.....]
Gold:   260        SH:  6    Dex: 13    Spells: 8/8 levels left

rFire   . . .      SeeInvis .   a - +0 war axe
rCold   . . .      Faith    .   c - +1 buckler
rNeg    . . .      Spirit   .   A - +0 chain mail
rPois   .          Reflect  .   (helmet restricted)
rElec   .          Harm     .   B - scarf {+Inv}
rCorr   .          Rampage  .   m - +2 pair of gloves
Will    +....                   (no boots)
Stlth   ..........              x - amulet of regeneration
HPRegen 1.03/turn               p - ring of willpower
MPRegen 0.11/turn               k - +4 ring of protection

@: lethally poisoned (0 -> -4), slowed, very slow
A: horns 2, retaliatory headbutt
a: Renounce Religion, Evoke Invisibility, Heroism


You were on level 7 of the Dungeon.
You worshipped Okawaru.
Okawaru was aware of your devotion.
You visited 2 branches of the dungeon, and saw 8 of its levels.

You collected 260 gold pieces.

Inventory:

Hand Weapons
 a - a +0 war axe (weapon)
Missiles
 t - 10 boomerangs (quivered)
 w - 9 poisoned darts
 D - a throwing net
Armour
 b - a +0 scale mail
 c - a +1 buckler (worn)
 i - a +1 pair of gloves
 m - a +2 pair of gloves (worn)
 A - a +0 chain mail (worn)
 B - a scarf of invisibility (worn)
Jewellery
 e - an amulet of faith
 k - a +4 ring of protection (right hand)
 p - a ring of willpower (left hand)
 x - an amulet of regeneration (around neck)
Wands
 u - a wand of flame (26)
Scrolls
 f - a scroll of poison {unknown}
 g - a scroll of fear
 l - 2 scrolls of teleportation
 n - 2 scrolls of enchant weapon
 o - 2 scrolls of butterflies
 y - a scroll of identify
Potions
 d - a potion of lignification
 h - a potion of flight {unknown}
 j - 3 potions of curing
 q - a potion of cancellation {unknown}
 r - a potion of mutation {unknown}
 s - a potion of magic
 z - a potion of resistance {unknown}
 C - a potion of heal wounds


   Skills:
 + Level 7.0 Fighting
 + Level 10.1 Axes
 - Level 2.0 Throwing
 + Level 9.0 Armour
 - Level 3.8 Shields


You had 8 spell levels left.
You didn't know any spells.
Your spell library contained the following spells:

 Spells                   Type           Power      Damage    Failure   Level
 Beastly Appendage        Tmut           0%         N/A       99%         1
 Sting                    Tmut/Pois      0%         1d3       99%         1
 Ensorcelled Hibernation  Hex/Ice        0%         N/A       100%        2
 Passwall                 Tmut/Erth      0%         N/A       100%        2
 Poisonous Vapours        Pois/Air       0%         N/A       100%        2
 Wereblood                Tmut           0%         N/A       100%        2
 Portal Projectile        Hex/Tloc       0%         N/A       100%        3
 Spider Form              Tmut/Pois      0%         N/A       100%        3
 Stone Arrow              Conj/Erth      0%         3d7       100%        3
 Swiftness                Air            0%         N/A       100%        3
 Corpse Rot               Necr/Pois/Air  0%         N/A       100%        4
 Leda's Liquefaction      Hex/Erth       0%         N/A       100%        4
 Olgreb's Toxic Radiance  Pois           0%         N/A       100%        4
 Lehudib's Crystal Spear  Conj/Erth      0%         10d2      100%        8
 Summon Small Mammal      Summ           Unusable   N/A       N/A         1
 Call Canine Familiar     Summ           Unusable   N/A       N/A         3
 Summon Guardian Golem    Hex/Summ       Unusable   N/A       N/A         3
 Animate Armour           Summ/Erth      Unusable   N/A       N/A         4

Dungeon Overview and Level Annotations

Branches:
Dungeon (7/15)             Temple (1/1) D:5

Altars:
Ashenzari
Cheibriados
Dithmenos
Elyvilon
Fedhas
Gozag
Hepliaklqana
Kikubaaqudgha
Makhleb
Okawaru
Ru
Sif Muna
Trog
Uskayaw
Vehumet
Wu Jian
Xom
Yredelemnul
Zin

Shops:
D:2 :   D:3 ([(=[   D:6 *


Innate Abilities, Weirdness & Mutations

You have a pair of horns on your head.
You reflexively headbutt those who attack you in melee.


Message History

The kobold throws a stone.
The stone hits you but does no damage. The steam dragon breathes steam at you.
The ball of steam hits you!
You hear a shout! x7
A kobold comes into view. It is wielding a +0 short sword.
The kobold shouts!
The kobold brigand throws a curare-tipped dart.
You block the curare-tipped dart.
The kobold brigand is engulfed in a cloud of scalding steam.
The kobold brigand throws a curare-tipped dart.
The curare-tipped dart hits you.
You are poisoned.
You have difficulty breathing.
You feel yourself slow down.
There is a stone staircase leading up, spattered with blood here.
Aiming: Throw Flame
Press: ? - help, Shift-Dir - straight line, f - steam dragon
Aim: a steam dragon (68% to hit)
The puff of flame hits the steam dragon but does no damage.
You feel very sick.
The kobold brigand is engulfed in a cloud of scalding steam.
The kobold brigand throws a curare-tipped dart.
The curare-tipped dart hits you.
You are more poisoned.
You have difficulty breathing.
You feel as though you will be slow longer.
The kobold brigand is engulfed in a cloud of scalding steam.
Aiming: Throw Flame
Press: ? - help, Shift-Dir - straight line, f/p - steam dragon
Aim: a steam dragon (68% to hit)
The puff of flame hits the steam dragon!
The steam dragon is moderately wounded.
You feel extremely sick.
A kobold comes into view. It is wielding a +0 short sword.
A kobold comes into view. It is wielding a +0 dagger.
The steam dragon bites you but does no damage.
You block the steam dragon's attack.
You feel very sick. The steam dragon breathes steam at you.
The ball of steam hits you!
You die...

,,,,,,,,,,,***,,,,,*
,,,,,,,,,,,..#.....#
,,,,,,,,...*.......#
,,,,,,,,....,......#
,,,,,,,,....##.....#
,,,,,,,,,....#.....#####
,,,***,,*##......#.....##
,,,* **,.#..............#*
,,,** **...>....@......$.*
,,,,* *#......KD........*
,,,,****#.......K........*
,,,,,,,*#....K..K........*
,,,,,,,,.........).......*
,,*,,,,,...K...).........*
,*>,,,,,.KK.............#*
*,,,,,,,.#.......#.....##
,,,,,,,,,.#......#######


You could see a steam dragon (catching breath), 2 kobold brigands and 5 kobolds.

Vanquished Creatures
  Grinder (D:4)
  Eustachio (D:5)
  Menkaure (D:4)
  A water moccasin (D:7)
  An ice beast (D:6)
  A black bear (D:5)
  An orc warrior (D:6)
  3 ogres
  A centaur (D:7)
  3 phantoms
  A scorpion (D:6)
  A necrophage (D:5)
  A howler monkey (D:6)
  3 crimson imps (D:4)
  A gnoll bouda (D:6)
  3 orc priests (D:6)
  2 hounds
  Crazy Yiuf (D:4)
  Terence (D:2)
  3 iguanas
  2 orc wizards (D:6)
  7 gnolls
  7 adders
  2 shadow imps
  4 worms
  2 dart slugs (D:4)
  7 orcs
  7 endoplasms
  6 giant cockroaches
  7 hobgoblins
  7 jackals
  2 quokkas (D:4)
  5 ball pythons
  9 bats
  A frilled lizard (D:3)
  5 goblins
  5 kobolds
  6 rats
122 creatures vanquished.

Vanquished Creatures (others)
  An orc (D:7)
1 creature vanquished.

Grand Total: 123 creatures vanquished

Notes
Turn   | Place    | Note
-------+----------+-------------------------------------------
     0 | D:1      | cowcol the Minotaur Fighter began the quest for the Orb.
     0 | D:1      | Reached XP level 1. HP: 19/19 MP: 0/0
   209 | D:1      | Reached XP level 2. HP: 20/27 MP: 1/1
   364 | D:1      | Found a faded altar of an unknown god.
  1509 | D:2      | Reached skill level 3 in Axes
  1509 | D:2      | Reached XP level 3. HP: 33/33 MP: 2/2
  1654 | D:2      | Found Nemudy's Vocational Training.
  2243 | D:2      | Reached XP level 4. HP: 41/41 MP: 3/3
  2268 | D:2      | Noticed Terence
  2274 | D:2      | Killed Terence
  2275 | D:2      | Reached skill level 4 in Axes
  2523 | D:2      | You fall into a shaft and drop 2 floors!
  3460 | D:3      | Reached XP level 5. HP: 47/47 MP: 4/4
  3791 | D:3      | Found Ygaenn's Jewellery Shop.
  4311 | D:3      | Found Diumif's Weapon Shoppe.
  4339 | D:3      | Found Vovvuor's Antique Armour Shoppe.
  4349 | D:3      | Found Xosoeshu's Weapon Boutique.
  4378 | D:3      | Found a burning altar of Makhleb.
  4378 | D:3      | Found a snail-covered altar of Cheibriados.
  4500 | D:3      | Reached skill level 5 in Armour
  4509 | D:3      | Found Damytat's Antique Armour Boutique.
  4664 | D:4      | Noticed Menkaure
  4670 | D:4      | Killed Menkaure
  4671 | D:4      | Reached skill level 5 in Fighting
  4671 | D:4      | Reached skill level 5 in Axes
  4671 | D:4      | Reached XP level 6. HP: 50/56 MP: 5/5
  4720 | D:4      | Noticed Grinder
  4740 | D:4      | HP: 1/84 [Grinder (4)]
  4742 | D:4      | Reached skill level 6 in Axes
  4760 | D:4      | Paralysed by Grinder for 5 turns
  4781 | D:4      | Killed Grinder
  4782 | D:4      | Reached XP level 7. HP: 42/61 MP: 6/6
  4899 | D:4      | Found a shimmering altar of Xom.
  4928 | D:4      | Reached skill level 7 in Axes
  5334 | D:4      | Found a runed translucent door.
  5335 | D:4      | Noticed Crazy Yiuf
  5343 | D:4      | Killed Crazy Yiuf
  6043 | D:5      | Entered Level 5 of the Dungeon
  6043 | D:5      | Noticed Eustachio
  6052 | D:5      | Killed Eustachio
  6053 | D:5      | Reached skill level 8 in Axes
  6053 | D:5      | Reached XP level 8. HP: 70/70 MP: 7/7
  6491 | D:5      | Found a hide-covered altar of Uskayaw.
  6728 | D:5      | Found a staircase to the Ecumenical Temple.
  6736 | Temple   | Entered the Ecumenical Temple
  6790 | Temple   | Became a worshipper of Warmaster Okawaru
  7976 | D:6      | Reached skill level 9 in Axes
  8113 | D:6      | Reached skill level 1 in Throwing
  8137 | D:6      | Reached * piety under Okawaru
  8428 | D:6      | Found Zin's Purification Station.
  8431 | D:6      | Found a glowing silver altar of Zin.
  9139 | D:6      | Reached XP level 9. HP: 71/78 MP: 8/8
  9469 | D:7      | Reached skill level 10 in Axes
  9483 | D:7      | Killed from afar by a steam dragon

Illustrated notes

Levels and vault maps discovered:
D:1:      dpeg_arrival_triangle_fractal, layout_basic,
          hellmonk_ecumenical_altar_inner_sanctum
D:2:      layout_basic, nicolae_shop_vocational, uniq_terence
D:3:      layout_loops_cross, amethyst_overflow_temple_binary, serial_shops,
          shop, shop, nicolae_shop_window_shopping,
          nicolae_shop_window_shopping, nicolae_shop_bloodbath_and_beyond
D:4:      layout_loops_ring, led_xom_imps, grunt_ministairs_14,
          kennysheep_generic_room_11, uniq_grinder, uniq_menkaure,
          uniq_crazy_yiuf_cottage
D:5:      layout_loops_cross, mainiacjoe_overflow_24_doors,
          minmay_temple_entry_junction_2, minivault_14,
          kennysheep_generic_room_5, uniq_eustachio
D:6:      layout_loops_ring, zin_purify, serial_park_tiny_pond
D:7:      layout_rooms, amcnicky_altar_gilded, enter_bailey_3
Temple:   jpeg_temple_clearing

Skill      XL: |  1  2  3  4  5  6  7  8  9 |
---------------+----------------------------+-----
Fighting       | 4 5 6 7 |  7.0
Armour         | 4 5 6 7 8 9 |  9.0
Axes           | 3 4 5 6 8 9 10 | 10.1
Throwing       | 1 2 |  2.0
Shields        | |  3.8

Action                   |  1- 3 |  4- 6 |  7- 9 || total
-------------------------+-------+-------+-------++-------
Melee: War axe           |    67 |   128 |   190 ||   385
       Headbutt          |     7 |    19 |    37 ||    63
Throw: Boomerang         |       |       |    30 ||    30
Evoke: Wand              |       |       |     2 ||     2
  Use: Scroll            |     4 |     7 |     2 ||    13
       Potion            |     3 |     6 |     5 ||    14
Armor: Scale mail        |    34 |    60 |    55 ||   149
       Chain mail        |       |       |    40 ||    40
Dodge: Dodged            |    27 |    48 |    57 ||   132
Block: Buckler           |    13 |    38 |    65 ||   116
